 Dungeon Crawl Stone Soup version 0.15.2 (webtiles) character file.

245 bullock the Ruinous (level 6, -4/32 HPs)
             Began as a Gargoyle Wizard on Nov 26, 2014.
             Slain by a killer bee (6 damage)
             ... on Level 4 of the Dungeon.
             The game lasted 00:12:29 (3600 turns).

bullock the Ruinous (Gargoyle Wizard)               Turns: 3600, Time: 00:12:29

HP  -4/32        AC  7     Str 11      XL: 6   Next: 10%
MP  18/24        EV 10     Int 20      God:
Gold 128         SH  0     Dex  8      Spells:  5 memorised,  2 levels left

rFire  . . .     SeeInvis .     n - +1 short sword (elec)
rCold  . . .     Clarity  .     e - +0 leather armour
rNeg   + . .     rCorr    .     (no shield)
rPois  +         rRot     +     (no helmet)
rElec  +         Spirit   .     (no cloak)
SustAb .         Warding  .     (no gloves)
rMut   .         Stasis   .     (no boots)
Gourm  .                        u - amulet of faith
MR     .....                    m - ring of magical power
                                x - cursed ring of loudness

@: very slightly contaminated, repel missiles, not resistant to hostile
enchantments, extremely unstealthy
A: negative energy resistance 1, electricity resistance, unbreathing,
petrification resistance, rot immunity, AC +4
a: no special abilities


You were on level 4 of the Dungeon.
You were not hungry.

You visited 1 branch of the dungeon, and saw 4 of its levels.

You collected 128 gold pieces.

Inventory:

Hand weapons
 n - a +1 short sword of electrocution (weapon)
Armour
 e - a +0 leather armour (worn)
Comestibles
 d - 2 bread rations
 i - a slice of pizza
 p - a royal jelly
 r - 2 meat rations
Scrolls
 f - a scroll of recharging {unknown}
 g - 3 scrolls of magic mapping {unknown}
 h - 2 scrolls of identify {unknown}
 k - a scroll of noise {unknown}
 l - a scroll of random uselessness {unknown}
 w - a scroll of teleportation {unknown}
Jewellery
 m - a ring of magical power (right hand)
 u - an amulet of faith (around neck)
 x - a cursed ring of loudness (left hand)
Potions
 a - 2 potions of degeneration {unknown}
 b - 3 potions of brilliance {unknown}
 j - a potion of resistance {unknown}
 o - a potion of magic {unknown}
 q - a potion of heal wounds {unknown}
 s - a potion of invisibility {unknown}
 v - a potion of curing {unknown}
Books
 c - a book of Minor Magic

   Spells                             Type                      Level
   *Magic Dart                        Conjuration                  1
   *Blink                             Translocation                2
   Call Imp                           Summoning                    2
   *Repel Missiles                    Charms/Air                   2
   Slow                               Hexes                        2
   *Conjure Flame                     Conjuration/Fire             3
   *Mephitic Cloud                    Conjuration/Poison/Air       3
Magical staves
 t - an uncursed staff of earth {unknown}


   Skills:
 - Level 1.5 Dodging
 - Level 2.1 Stealth
 + Level 4.1 Spellcasting
 * Level 5.4 Conjurations
   Level 0.8 Summonings
 - Level 0.8 Translocations


You had 2 spell levels left.
You knew the following spells:

 Your Spells              Type           Power        Failure   Level  Hunger
a - Magic Dart            Conj           ####         1%          1    None
b - Mephitic Cloud        Conj/Pois/Air  ##......     21%         3    ###....
f - Conjure Flame         Conj/Fire      ###.....     14%         3    ###....
q - Blink                 Tloc           N/A          17%         2    #......
v - Repel Missiles        Chrm/Air       #.....       21%         2    #......


Dungeon Overview and Level Annotations

Branches:
Dungeon (4/15)
 Temple: D:4-7

Altars:
Cheibriados
Fedhas
Nemelex Xobeh


Innate Abilities, Weirdness & Mutations

You are resistant to torment.
You are immune to poison.
Your stone body is very resilient (AC +4).
You resist negative energy.
You are resistant to electric shocks.
You can survive without breathing.
You are immune to petrification.
You are immune to rotting.


Message History

Confirm with . or Enter, or press ? or * to list all spells.
Okay, then.
Casting: Blink
Confirm with . or Enter, or press ? or * to list all spells.
Aiming: Magic Dart
Press: ? - help, Shift-Dir - straight line, f - killer bee
Aim: a killer bee (heavily wounded)
The magic dart hits the killer bee.
The killer bee is severely wounded.
The killer bee misses you. The killer bee stings you.
* * * LOW HITPOINT WARNING * * *
Casting: Magic Dart
Confirm with . or Enter, or press ? or * to list all spells.
Aiming: Magic Dart
Press: ? - help, Shift-Dir - straight line, f/p - killer bee
Aim: a killer bee (severely wounded)
The magic dart hits the killer bee.
The killer bee is severely wounded.
The killer bee stings you.
You die...

.# .# .# .## ###
####.##... #..
........# #
#.#####.......#
#.###.#@..'.......#
#......y###.......#
#.....#.###.......#
#.#.......#.......#
#.#####.##.##...#
#. #.##'# ...# #
#.['_+ .?# ####+#


You could see a killer bee.

Vanquished Creatures
  3 killer bees
  6 adders
  2 worms
  A giant gecko (D:3)
  2 orcs
  5 bats
  2 giant cockroaches (D:2)
  6 goblins
  7 hobgoblins
  2 jackals (D:3)
  10 kobolds
  A quokka (D:2)
  2 ball pythons
  3 giant newts
  2 rats
54 creatures vanquished.

Notes
Turn   | Place    | Note
--------------------------------------------------------------
     0 | D:1      | bullock, the Gargoyle Wizard, began the quest for the Orb.
     0 | D:1      | Reached XP level 1. HP: 10/10 MP: 4/4
   238 | D:1      | Found a sparkling altar of Nemelex Xobeh.
   344 | D:1      | Reached XP level 2. HP: 15/15 MP: 3/6
   918 | D:2      | Learned a level 2 spell: Blink
   921 | D:2      | Learned a level 2 spell: Repel Missiles
  1192 | D:2      | Reached XP level 3. HP: 19/19 MP: 0/8
  1262 | D:2      | Learned a level 3 spell: Conjure Flame
  1525 | D:3      | Found a blossoming altar of Fedhas.
  1527 | D:3      | Noticed a centaur
  1861 | D:3      | Noticed an ice beast
  2204 | D:3      | Reached XP level 4. HP: 17/24 MP: 4/9
  2556 | D:3      | Reached skill level 4 in Conjurations
  2938 | D:3      | Reached XP level 5. HP: 28/28 MP: 1/12
  3081 | D:3      | Learned a level 3 spell: Mephitic Cloud
  3099 | D:3      | Reached skill level 5 in Conjurations
  3446 | D:4      | Found a snail-covered altar of Cheibriados.
  3511 | D:3      | Reached XP level 6. HP: 25/32 MP: 15/15
  3600 | D:4      | Slain by a killer bee

Action                   |  1- 3 |  4- 6 || total
-------------------------+-------+-------++-------
Melee: Unarmed           |    13 |       ||    13
       Short sword       |    30 |    22 ||    52
       Club              |     8 |       ||     8
 Cast: Magic Dart        |    70 |    78 ||   148
       Repel Missiles    |     2 |     1 ||     3
       Conjure Flame     |     1 |     3 ||     4
       Blink             |     1 |     2 ||     3
       Mephitic Cloud    |       |     1 ||     1
 Stab: Sleeping          |     1 |       ||     1
  Eat: Chunk             |     1 |     3 ||     4
       Bread ration      |     1 |       ||     1
